 Dungeon Crawl Stone Soup version 0.31-a0-1082-g7d1fb776a8 (webtiles) character file.

Game seed: 17322518758787195975

1338064 grothendieck the Slayer (level 25, 238/238 HPs)
             Began as an Armataur Monk on Nov 25, 2023.
             Was the Champion of Wu Jian.
             Escaped with the Orb
             ... and 3 runes on Nov 27, 2023!
             The game lasted 10:27:51 (109943 turns).

grothendieck the Slayer (Armataur Monk)           Turns: 109943, Time: 10:27:51

Health: 238/238    AC: 36    Str: 22 (24) XL:     25   Next: 50%
Magic:  29/29      EV:  7    Int: 17 (23) God:    Wu Jian [******]
Gold:   3998       SH: 23    Dex: 18 (19) Spells: 18/32 levels left

rFire   + + +        b - +9 demon whip (vamp)
rCold   + . .        n - +0 tower shield {AC+3}
rNeg    + . .        O - +6 gold dragon scales
rPois   +            (helmet restricted)
rElec   +            G - +3 cloak "Ruckeijuv" {rF+ Dex+4 Stlth+}
rCorr   .            P - +0 pair of gloves of Divine Intervention {rPois Will++ Dex-5 Stlth+}
SInv    +            (no barding)
Will    +++..        e - amulet "Xuttiz" {RegenMP rElec rPois Regen+} Stlth
                     R - ring of Mirth {rN+ Int+8 Slay+4}
HPRegen 2.19/turn    E - ring "Urghurha" {rPois Str+3 Int+4 SInv}
MPRegen 0.61/turn

%: clarity
@: studying 2 skills
A: large, deformed body, tough skin 3, armoured tail, (roll 2), long tongue,
horns 1, talons 1, agile 1, clarity, fire resistance 1, regeneration 1, weak 1
0: Orb of Zot
}: 3/15 runes: decaying, serpentine, slimy
a: Renounce Religion, Wall Jump, Serpent's Lash, Heavenly Storm


You escaped.
You worshipped Wu Jian.
Wu Jian was exalted by your worship.
You visited 12 branches of the dungeon, and saw 53 of its levels.
You visited 1 bazaar.
You also visited: Volcano and Wizlab.

You collected 6696 gold pieces.
You spent 2698 gold pieces at shops.

Inventory:

Hand Weapons
 a - a +3 morningstar of freezing
 b - a +9 vampiric demon whip (weapon)
Missiles
 w - 24 boomerangs (quivered)
 H - 8 curare-tipped darts {!f}
 I - 47 poisoned darts
 M - 7 silver javelins
 W - 4 throwing nets {!f}
Armour
 n - a +0 tower shield of protection (worn)
 o - the +1 pair of gloves "Xaddaz" {+Blink rC+ Regen+ Dex-2}
   (You found it on level 1 of the Crypt)

   Dex-2:     It affects your dexterity (-2).
   rC+:       It protects you from cold.
   +Blink:    It lets you blink.
   Regen+:    It increases your rate of health regeneration.
 q - the +2 cloak of the Hidden Vale {rN+}
   (You found it on level 3 of the Realm of Zot)

   rN+:       It protects you from negative energy.
 G - the +3 cloak "Ruckeijuv" (worn) {rF+ Dex+4 Stlth+}
   (You found it on level 1 of the Vaults)

   Dex+4:     It affects your dexterity (+4).
   rF+:       It protects you from fire.
   Stlth+:    It makes you more stealthy.
 O - +6 gold dragon scales (worn)
 P - the +0 pair of gloves of Divine Intervention (worn) {rPois Will++ Dex-5 Stlth+}
   (You bought it in a shop on level 2 of the Depths)

   Dex-5:     It affects your dexterity (-5).
   rPois:     It protects you from poison Will++: It greatly increases your
   willpower.
   Stlth+:    It makes you more stealthy.
Jewellery
 e - the amulet "Xuttiz" (around neck) {RegenMP rElec rPois Regen+}
   (You acquired it on level 1 of the Lair of Beasts)

   [amulet of magic regeneration]

   RegenMP:   It increases your rate of magic regeneration.
   rElec:     It insulates you from electricity.
   rPois:     It protects you from poison Regen+: It increases your rate of
   health regeneration.
 i - a +5 ring of evasion
 l - the ring of Ymiurhi {rF- rC+++ rCorr Int-5 Dex+3}
   (You acquired it on level 14 of the Dungeon)

   [ring of resist corrosion]

   Int-5:     It affects your intelligence (-5).
   Dex+3:     It affects your dexterity (+3).
   rF-:       It makes you vulnerable to fire.
   rC+++:     It renders you almost immune to cold.
   rCorr:     It protects you from acid and corrosion.
 u - a ring of willpower
 E - the ring "Urghurha" (right hand) {rPois Str+3 Int+4 SInv}
   (You found it on level 3 of the Elven Halls)

   [ring of see invisible]

   Str+3:     It affects your strength (+3).
   Int+4:     It affects your intelligence (+4).
   rPois:     It protects you from poison SInv: It lets you see invisible.
 R - the ring of Mirth (left hand) {rN+ Int+8 Slay+4}
   (You found it on level 5 of the Pits of Slime)

   [ring of slaying]

   Int+8:     It affects your intelligence (+8).
   Slay+4:    It affects your accuracy & damage with ranged weapons and melee
   (+4).
   rN+:       It protects you from negative energy.
 T - the ring "Ujacos" {Fly rF+}
   (You found it on level 3 of the Elven Halls)

   [ring of flight]

   rF+:       It protects you from fire.
   Fly:       It grants you flight.
Wands
 d - a wand of digging (9)
 z - a wand of charming (48)
 B - a wand of mindburst (21)
 F - a wand of iceblast (20)
 L - a wand of quicksilver (6)
Scrolls
 h - 4 scrolls of revelation {magic mapping}
 m - 2 scrolls of silence
 x - 11 scrolls of vulnerability {!r}
 y - 4 scrolls of fog
 C - 8 scrolls of teleportation
 D - 6 scrolls of poison {!r}
 N - 8 scrolls of immolation {!r}
 U - 5 scrolls of blinking
 X - 12 scrolls of fear
Potions
 c - 8 potions of ambrosia
 f - 5 potions of brilliance
 g - 5 potions of heal wounds
 j - 4 potions of berserk rage
 k - 17 potions of curing
 p - 7 potions of invisibility
 s - 3 potions of magic
 v - 2 potions of cancellation
 A - 7 potions of enlightenment {flight, Will+}
 J - 12 potions of mutation {!q}
 K - 4 potions of attraction {!q}
 S - 4 potions of resistance
 Y - 2 potions of haste
 Z - a potion of might
Miscellaneous
 V - a phial of floods


   Skills:
 * Level 22.2 Fighting
 - Level 17.2 Maces & Flails
 + Level 14.4 Throwing
 + Level 21.4 Armour
 - Level 10.0 Dodging
 + Level 21.4 Shields
 - Level 4.0 Spellcasting
 + Level 15.2 Translocations
 + Level 9.7 Transmutations
 + Level 9.7 Earth Magic
 - Level 10.0 Evocations


You had 18 spell levels left.
You knew the following spells:

 Your Spells              Type           Power      Damage    Failure   Level
b - Blink                 Tloc           100%       N/A       1%          2
l - Lesser Beckoning      Tloc           100%       N/A       1%          2
m - Manifold Assault      Tloc           53%        N/A       9%          4
p - Passage of Golubria   Tloc           53%        N/A       9%          4
w - Passwall              Tmut/Erth      30%        N/A       12%         2

Your spell library contained the following spells:

 Spells                   Type           Power      Damage    Failure   Level
 Gell's Gravitas          Tloc           53%        N/A       2%          3
 Teleport Other           Tloc           53%        N/A       2%          3
 Sandblast                Erth           72%        2d16      8%          1
 Wereblood                Tmut           36%        N/A       12%         2
 Volatile Blastmotes      Fire/Tloc      58%        2d14      50%         3
 Sting                    Tmut/Pois      76%        1d6       52%         1
 Petrify                  Tmut/Erth      36%        N/A       61%         4
 Dispersal                Tloc           26%        N/A       77%         6
 Stone Arrow              Conj/Erth      40%        3d9       87%         3
 Iskenderun's Mystic Bla  Conj/Tloc      29%        2d7       88%         4
 Ignite Poison            Fire/Tmut/Pois 14%        N/A       98%         3
 Foxfire                  Conj/Fire      12%        2x1d4     99%         1
 Magic Dart               Conj           12%        1d3       99%         1
 Necrotise                Necr           12%        1d4       99%         1
 Summon Small Mammal      Summ           12%        N/A       99%         1
 Brom's Barrelling Bould  Conj/Erth      20%        2d4       99%         4
 Summon Forest            Summ/Tloc      14%        N/A       99%         5
 Call Imp                 Summ           6%         N/A       100%        2
 Cigotuvi's Dreadful Rot  Necr/Pois/Air  6%         N/A       100%        2
 Ensorcelled Hibernation  Hex/Ice        6%         N/A       100%        2
 Jinxbite                 Hex            6%         N/A       100%        2
 Poisonous Vapours        Pois/Air       6%         N/A       100%        2
 Scorch                   Fire           6%         2d5       100%        2
 Sublimation of Blood     Necr           3%         N/A       100%        2
 Call Canine Familiar     Summ           3%         N/A       100%        3
 Frozen Ramparts          Ice            6%         1d1       100%        3
 Hailstorm                Conj/Ice       3%         3d3       100%        3
 Inner Flame              Hex/Fire       3%         N/A       100%        3
 Mephitic Cloud           Conj/Pois/Air  3%         N/A       100%        3
 Ozocubu's Armour         Ice            3%         N/A       100%        3
 Summon Guardian Golem    Hex/Summ       3%         N/A       100%        3
 Tukima's Dance           Hex            3%         N/A       100%        3
 Vampiric Draining        Necr           3%         2d6       100%        3
 Anguish                  Hex/Necr       1%         N/A       100%        4
 Animate Dead             Necr           3%         N/A       100%        4
 Dispel Undead            Necr           3%         3d7       100%        4
 Flame Wave               Conj/Fire      3%         2d5       100%        4
 Fulminant Prism          Conj/Hex       1%         3d5       100%        4
 Olgreb's Toxic Radiance  Pois           3%         N/A       100%        4
 Summon Ice Beast         Ice/Summ       3%         N/A       100%        4
 Agony                    Necr           3%         N/A       100%        5
 Alistair's Intoxication  Tmut/Pois      12%        N/A       100%        5
 Borgnjor's Vile Clutch   Necr/Erth      10%        N/A       100%        5
 Freezing Cloud           Conj/Ice/Air   1%         6-21      100%        5
 Irradiate                Conj/Tmut      9%         3d14      100%        5
 Silence                  Hex/Air        1%         N/A       100%        5
 Summon Mana Viper        Hex/Summ       3%         N/A       100%        5
 Yara's Violent Unravell  Hex/Tmut       9%         3d6       100%        5
 Death Channel            Necr           1%         N/A       100%        6
 Eringya's Noxious Bog    Tmut/Pois      9%         4d6       100%        6
 Plasma Beam              Fire/Air       1%         2x1d11    100%        6
 Simulacrum               Ice/Necr       1%         N/A       100%        6
 Starburst                Conj/Fire      1%         6d3       100%        6
 Summon Cactus Giant      Summ           1%         N/A       100%        6
 Enfeeble                 Hex            1%         N/A       100%        7
 Haunt                    Necr/Summ      1%         N/A       100%        7
 Monstrous Menagerie      Summ           1%         N/A       100%        7
 Ozocubu's Refrigeration  Ice            1%         4d7       100%        7
 Summon Hydra             Summ           1%         N/A       100%        7
 Borgnjor's Revivificati  Necr           1%         N/A       100%        8
 Infestation              Necr           1%         N/A       100%        8
 Lehudib's Crystal Spear  Conj/Erth      10%        10d4      100%        8
 Chain Lightning          Conj/Air       1%         3d2       100%        9
 Death's Door             Necr           1%         N/A       100%        9
 Fire Storm               Conj/Fire      1%         8d1       100%        9
 Shatter                  Erth           18%        3d17*     100%        9


Dungeon Overview and Level Annotations

Branches:
Dungeon (15/15)            Temple (1/1) D:5            Lair (5/5) D:9
  Swamp (4/4) Lair:2        Snake (4/4) Lair:3        Slime (5/5) Lair:4
    Orc (2/2) D:10            Elf (3/3) Orc:2        Vaults (4/5) D:14
  Crypt (1/3) Vaults:2     Depths (4/4) D:15            Zot (5/5) Depths:4
Volcano (visited)          WizLab (visited)

Altars:
Ashenzari
Cheibriados
Dithmenos
Elyvilon
Fedhas
Gozag
Hepliaklqana
Kikubaaqudgha
Makhleb
Nemelex Xobeh
Okawaru
Qazlal
Ru
Sif Muna
Trog
Uskayaw
Vehumet
Wu Jian
Xom
Yredelemnul
Zin
The Shining One
Jiyva
Lugonu

Shops:
Orc:1 *   Orc:2 *(=*   Elf:3 *   Snake:1 [[:   Vaults:2 :   Depths:2 [

Portals:
Hell: Depths:1 Depths:2 Depths:3 Depths:4
Abyss: Snake:4 Depths:3
Pandemonium: Depths:2 Depths:3
Ziggurat: Depths:4

Annotations:
Slime:3 exclusion: upstairs
Zot:2 1 runed translucent door, Leown's ghost, legendary KoDe
Zot:4 1 runed translucent door, Hyollov's ghost, legendary FoHu


Innate Abilities, Weirdness & Mutations

Armour fits poorly on your strangely shaped body.
You have extremely tough skin. (AC +3)
You have a long armoured tail.
((You roll and regenerate health when moving toward enemies. (Rampage Heal)))
Your long tongue fully drains potion bottles. (2x potion effects)
You have a pair of small horns on your head.
You have sharp toenails.
You are agile. (Dex +4, Str/Int -1)
You possess an exceptional clarity of mind.
Your flesh is heat resistant. (rF+)
Your natural rate of healing is unusually fast.
You are weak. (Str -2)


Message History

There is a stone staircase leading down here.
A great orb of eyes comes into view.
The great orb of eyes pulsates ominously.
Press: ? - help, v - describe, . - travel
Here: a great orb of eyes The floor.
The great orb of eyes gazes at you. You resist with almost no effort.
The great orb of eyes gazes at you. You resist with almost no effort.
There is an open door here.
Casting: Passwall (safe; 12% risk of failure)
Confirm with . or Enter, or press ? or * to list all spells.
Aiming: Passwall (safe; 12% risk of failure)
Press: ? - help, Dir - move target A rock wall.
This square is covered in magical glow.
You begin to meditate on the wall.
You continue meditating on the rock. x2
You finish merging with the rock.
Magic restored.
You climb upwards.
There is a stone staircase leading down here.
There is a stone staircase leading up here.
You climb upwards.
There is a stone staircase leading down here.
What level of the Dungeon? (default 1, ? - help)
There is an open door here.
A rust devil comes into view.
You whack the rust devil! You claw the rust devil. You headbutt the rust devil.
You tail-slap the rust devil.
The rust devil is heavily wounded.
You thrash the rust devil!! You claw the rust devil.
You kill the rust devil!
The Council accepts your kill.
There is a staircase leading out of the dungeon here.
As you read the scroll of summoning, it crumbles to dust.
Wisps of shadow whirl around you...
As you read the scroll of summoning, it crumbles to dust.
Wisps of shadow whirl around you...
You have escaped!

#####################
#≈≈≈≈≈≈≈≈≈≈≈≈≈≈≈≈#
#≈≈~~~≈~≈≈≈≈≈≈≈≈≈#
#~~~....~~~≈≈≈≈≈≈#
#~.~~.~~~~~~≈≈≈≈≈#
#8....~.~~~≈~≈≈≈≈#
##.......~.~~≈≈≈≈#
#......SS~.~≈~≈≈#
##......g@r~~~≈≈≈#
########.......J.r~~~~~≈#
......##...........~~~~≈#
#####.##...........~~.≈≈#
#.#....8...8....~~~≈#
#.#..............(~≈#
#....8..........~~~≈#
#...............~.≈≈#
#...........###.~~≈≈#


You could see a friendly endoplasm (summoned), a friendly goblin (summoned), 2
friendly ball pythons and 2 friendly rats.

Vanquished Creatures
  the Royal Jelly (Slime:5)
  2 dread liches (Zot:5)
  3 ancient liches (Zot:5)
  5 orbs of fire
  Mara (D:15)
  Parghit (Zot:4)
  5 Killer Klowns (Zot:5)
  8 curse toes
  Nikola (Elf:3)
  Norris (D:15)
  8 golden dragons
  3 electric golems
  A hellephant (Vaults:1)
  A lich (Depths:2)
  11 tentacled monstrosities
  A deep elf blademaster (Elf:3)
  Jorgrun (Swamp:3)
  25 Orb Guardians
  2 deep elf master archers (Elf:3)
  6 quicksilver dragons
  13 acid blobs
  6 sphinxes
  An Executioner (D:5)
  A thorn hunter (Swamp:4)
  3 tentacled starspawn (Depths:2)
  7 death cobs
  Frances (D:13)
  An ancient champion (Vaults:2)
  14 storm dragons
  10 shadow dragons
  2 tengu reavers
  Donald (Vaults:4)
  11 rockslimes
  5 draconian monks
  7 azure jellies
  A fenstrider witch (Swamp:2)
  6 nagarajas
  10 draconian knights
  4 frost giants
  9 deep elf sorcerers
  6 fire giants
  A balrug (Vaults:1)
  10 vault wardens
  6 spectral caustic shrikes (Depths:2)
  4 deep elf elementalists (Elf:3)
  4 draconian scorchers
  2 ghouls (Crypt:1)
  5 draconian shifters
  2 ghost moths
  2 orc warlords
  8 formless jellyfish
  12 quicksilver oozes
  2 draconian stormcallers
  3 curse skulls (Vaults:2)
  26 very ugly things
  A stone giant (shapeshifter) (D:12)
  7 spriggan defenders
  6 ironbound thunderhulks
  A war gargoyle (D:12)
  3 draconian annihilators (Zot:1)
  9 stone giants
  6 ironbound preservers
  8 vampire knights
  3 eleionomae
  16 green draconians
  10 black draconians
  4 deep elf demonologists
  12 yellow draconians
  8 bunyips
  A bunyip (shapeshifter) (Depths:2)
  8 dire elephants
  9 deep elf annihilators (Elf:3)
  9 purple draconians
  19 red draconians
  11 white draconians
  The ghost of tish the Fighter, a journeyman OpSh of Cheibriados (Lair:2)
  A lorocyproca (Depths:4)
  7 spark wasps
  A blizzard demon (WizLab)
  2 eidola (Vaults:2)
  2 deep elf death magi
  A jiangshi (Depths:3)
  Josephine (D:13)
  A merfolk impaler (Depths:1)
  2 fire dragons
  6 ettins
  2 shambling mangroves (Swamp:4)
  9 yaktaur captains
  Fannar (D:10)
  13 great orbs of eyes
  3 entropy weavers
  A deep elf high priest (Elf:3)
  13 hydras
  2 hell beasts
  4 vault guards
  A rakshasa (Depths:2)
  4 salamander tyrants
  A peacekeeper (Vaults:3)
  2 alligators
  A ghost crab (Swamp:1)
  A catoblepas (D:14)
  5 ice dragons
  A spriggan air mage (Depths:3)
  4 two-headed ogres
  Erica (Orc:1)
  13 anacondas
  8 ironbound frosthearts
  12 centaur warriors
  3 tengu warriors
  4 boulder beetles
  33 dancing weapons
  13 naga warriors
  13 death yaks
  3 vampire magi
  3 deep troll shamans (D:15)
  8 spriggan berserkers
  A sun demon (Volcano)
  An occultist (Depths:1)
  Urug (D:12)
  2 shock serpents
  4 orc high priests
  5 deep troll earth magi
  12 naga sharpshooters
  22 hell knights
  A soul eater (Vaults:2)
  5 salamander mystics
  5 iron trolls
  A titan skeleton (Depths:1)
  17 deep elf knights
  2 sixfirhies
  5 skysharks
  5 goliath frogs
  A glowing orange brain (Depths:2)
  3 spark wasp zombies (Depths:3)
  8 skeletal warriors
  2 wretched stars (Depths:2)
  8 flayed ghosts (Depths:3)
  A ghost moth zombie (Crypt:1)
  23 deep trolls
  2 spriggan druids
  13 large abominations
  2 death drakes (Swamp:3)
  A golden dragon skeleton (Depths:2)
  5 naga ritualists
  10 bog bodies
  7 deep elf archers
  6 swamp dragons
  12 ironbound convokers
  11 lindwurms
  10 orc knights
  5 mana vipers
  25 deep elf zephyrmancers
  5 arcanists
  A shadow dragon zombie (Depths:2)
  39 deep elf pyromancers
  7 phantasmal warriors
  A wolf spider (Lair:5)
  A lindwurm (shapeshifter) (Depths:2)
  A tengu skeleton (Depths:2)
  4 orc sorcerers (Orc:1)
  6 necromancers
  5 manticores
  4 will-o-the-wisps
  6 shining eyes
  17 salamanders
  6 cyclopes
  2 fire giant skeletons (Depths:1)
  49 ugly things
  25 moths of wrath
  2 stone giant zombies (Vaults:1)
  11 elephants
  12 guardian serpents
  A rust devil (D:1)
  A stone giant skeleton (Depths:1)
  An eye of devastation (Slime:5)
  13 vault sentinels
  A titan simulacrum (Depths:2)
  4 gargoyles
  12 naga magi
  18 black mambas
  An orange demon (WizLab)
  9 apocalypse crabs (Zot:3)
  A molten gargoyle (Volcano)
  21 cane toads
  28 yaktaurs
  8 komodo dragons
  4 efreet
  A human zombie (Vaults:1)
  A spark wasp simulacrum (Depths:2)
  2 yaktaur zombies (Vaults:1)
  3 unseen horrors
  4 spriggan zombies
  3 kobold demonologists
  An ancient zyme (Depths:2)
  A catoblepas skeleton (Crypt:1)
  4 tengu conjurers
  4 rime drakes
  A red devil (Volcano)
  A bloated husk (Swamp:1)
  19 hornets
  2 polar bears
  6 trolls
  A meliai (shapeshifter) (Elf:1)
  7 tyrant leeches
  Grinder (D:6)
  A tarantella (shapeshifter) (Elf:2)
  4 glass eyes
  7 blink frogs
  A fire giant simulacrum (Depths:1)
  11 dream sheep
  An ettin zombie (Vaults:1)
  65 slime creatures
  A frost giant simulacrum (Depths:1)
  A jumping spider (Vaults:1)
  A shadow (D:10)
  9 water elementals
  A vampire (D:13)
  8 wraiths
  17 spriggans
  40 yaks
  7 air elementals
  A fire dragon skeleton (Crypt:1)
  11 fire bats
  3 basilisks
  3 golden eyes
  A golden eye (shapeshifter) (Depths:2)
  10 wyverns
  17 fire elementals
  A hog (shapeshifter) (Elf:2)
  7 redbacks
  10 vampire mosquitoes
  33 nagas
  5 wargs
  2 chaos spawn (Depths:3)
  3 acid dragons
  Duvessa (D:5)
  A glowing shapeshifter zombie (Depths:1)
  13 swamp worms
  A hell hound (Volcano)
  23 water moccasins
  A glowing shapeshifter skeleton (Vaults:1)
  7 swamp drakes
  A black bear (shapeshifter) (D:13)
  An ice beast (D:5)
  32 orc warriors
  A black bear (D:4)
  An ettin simulacrum (Vaults:1)
  6 ogres
  10 wolves
  4 boggarts (D:14)
  A blink frog zombie (Crypt:1)
  3 small abominations (Depths:3)
  14 centaurs
  2 phantoms
  16 bullfrogs
  2 gnoll sergeants
  3 earth elementals
  6 scorpions
  3 wights (D:10)
  Dowan (D:5)
  14 killer bees
  2 electric eels
  5 jellies
  9 howler monkeys
  8 lava snakes
  6 hounds
  17 orc priests
  2 gnoll boudas
  4 iguanas (D:6)
  A sleepcap (D:5)
  34 orc wizards
  5 hell rats (Lair:1)
  Robin (D:1)
  18 gnolls
  6 adders
  2 shadow imps
  3 white imps
  2 worms (D:4)
  2 dart slugs
  77 orcs
  9 endoplasms
  6 giant cockroaches
  8 hobgoblins
  5 quokkas
  6 ball pythons
  9 bats
  3 frilled lizards
  14 goblins
  4 kobolds (D:1)
  4 rats
  7 fire vortices (Depths:1)
  A lurking horror (Snake:4)
  2 starspawn tentacles (Depths:2)
2016 creatures vanquished.

Vanquished Creatures (collateral kills)
  A dread lich (Depths:3)
  A sphinx (Depths:3)
  An acid blob (Slime:5)
  A spark wasp (Depths:3)
  An ironbound frostheart (Vaults:1)
  A naga warrior (Snake:2)
  A salamander (Snake:2)
  2 red devils (Volcano)
  A slime creature (Vaults:3)
10 creatures vanquished.

Vanquished Creatures (others)
  A titan (Vaults:3)
  A draconian knight (Zot:3)
  A stone giant (Vaults:3)
  2 deep elf knights (Elf:2)
  A deep elf pyromancer (Elf:1)
  An ugly thing (D:14)
  A deep elf zephyrmancer (Elf:1)
  A vault sentinel (Vaults:3)
  A yaktaur (Vaults:3)
  A tengu conjurer (D:15)
  A bloated husk (Swamp:4)
  A killer bee (D:8)
  4 orc wizards
  A fire vortex (Depths:1)
  12 foxfires
  27 starspawn tentacles (Depths:2)
57 creatures vanquished.

Grand Total: 2083 creatures vanquished

Notes
Turn   | Place    | Note
-------+----------+-------------------------------------------
     0 | D:1      | grothendieck the Armataur Monk began the quest for the Orb.
     0 | D:1      | Reached XP level 1. HP: 18/18 MP: 1/1
   208 | D:1      | Reached XP level 2. HP: 17/25 MP: 2/2
   329 | D:1      | Reached skill level 1 in Armour
   752 | D:1      | Reached skill level 3 in Fighting
   911 | D:2      | Reached XP level 3. HP: 31/31 MP: 3/3
   952 | D:2      | Noticed Robin
  1179 | D:1      | Killed Robin
  1814 | D:3      | Reached XP level 4. HP: 38/38 MP: 4/4
  2770 | D:4      | Found an ornate altar of the Wu Jian Council.
  2770 | D:4      | Found a hazy altar of Hepliaklqana.
  2771 | D:4      | Found a burning altar of Makhleb.
  2771 | D:4      | Noticed a scorpion
  2795 | D:4      | Killed a scorpion
  2796 | D:4      | Reached skill level 1 in Shields
  2796 | D:4      | Reached XP level 5. HP: 45/45 MP: 5/5
  2818 | D:4      | Found a hide-covered altar of Uskayaw.
  2818 | D:4      | Found a stormy altar of Qazlal.
  2818 | D:4      | Found a shimmering altar of Xom.
  2828 | D:4      | Became a worshipper of the Wu Jian Council
  2828 | D:4      | Reached * piety under Wu Jian
  2828 | D:4      | Reached ** piety under Wu Jian
  2968 | D:4      | Noticed a black bear
  3100 | D:4      | Reached XP level 6. HP: 39/52 MP: 6/6
  3327 | D:4      | Found a radiant altar of Vehumet.
  3443 | D:4      | Found an ancient bone altar of Kikubaaqudgha.
  3486 | D:4      | Found a shimmering blue altar of Sif Muna.
  3546 | D:4      | Got Sif Muna's Quarto of Invitation
  3801 | D:4      | Reached skill level 5 in Maces & Flails
  4054 | D:5      | Entered Level 5 of the Dungeon
  4083 | D:5      | Found a staircase to the Ecumenical Temple.
  4096 | D:5      | Reached skill level 4 in Fighting
  4171 | Temple   | Entered the Ecumenical Temple
  4217 | D:5      | Gained mutation: You roll and regenerate health when moving
                  | toward enemies. (Rampage Heal) [Armataur growth]
  4217 | D:5      | Reached XP level 7. HP: 56/59 MP: 7/7
  4858 | D:5      | Noticed Duvessa
  4858 | D:5      | Noticed Dowan
  4871 | D:5      | Killed Duvessa
  4872 | D:5      | Reached XP level 8. HP: 36/67 MP: 5/8
  4872 | D:5      | Killed Dowan
  5099 | D:5      | Reached skill level 5 in Armour
  5481 | D:6      | Reached skill level 5 in Fighting
  5612 | D:6      | Reached *** piety under Wu Jian
  5688 | D:6      | Reached skill level 5 in Shields
  5700 | D:6      | Noticed Grinder
  5708 | D:6      | Killed Grinder
  5828 | D:6      | Reached XP level 9. HP: 66/74 MP: 7/9
  7061 | D:7      | Found a blossoming altar of Fedhas.
  7267 | D:7      | Paralysed by a hornet for 3 turns
  7581 | D:8      | Noticed a cyclops
  7591 | D:8      | Killed a cyclops
  7592 | D:8      | Reached skill level 6 in Fighting
  8149 | D:9      | Found a bloodstained altar of Trog.
  8812 | D:8      | Identified the +0 chain mail "Soukuvuo" {rN+ Str+5 Dex-3}
  9421 | D:7      | Reached XP level 10. HP: 78/84 MP: 10/10
  9839 | D:8      | Found a glowing golden altar of the Shining One.
  9850 | D:8      | Reached **** piety under Wu Jian
 10019 | D:9      | Found a shadowy altar of Dithmenos.
 10619 | D:9      | Found a staircase to the Lair.
 10632 | D:10     | Entered Level 10 of the Dungeon
 10639 | D:10     | Noticed a two-headed ogre
 10891 | D:10     | Found a sacrificial altar of Ru.
 11079 | D:10     | Found a sparkling altar of Nemelex Xobeh.
 11196 | D:10     | Reached skill level 7 in Fighting
 11686 | D:10     | Found a staircase to the Orcish Mines.
 11738 | D:9      | Reached skill level 10 in Maces & Flails
 12269 | Lair:1   | Entered Level 1 of the Lair of Beasts
 12331 | Lair:1   | Found a dark tunnel.
 12340 | Volcano  | Entered a volcano
 12570 | Volcano  | Reached ***** piety under Wu Jian
 12613 | Volcano  | Reached XP level 11. HP: 91/92 MP: 11/11
 12669 | Volcano  | Found a radiant altar of Vehumet.
 12669 | Volcano  | Noticed a sun demon
 12681 | Volcano  | HP: 3/93 [sun demon (4)]
 12882 | Volcano  | Killed a sun demon
 12949 | Volcano  | Noticed a hell knight
 12955 | Volcano  | Reached skill level 8 in Fighting
 12962 | Volcano  | Killed a hell knight
 13285 | D:9      | Reached skill level 10 in Armour
 15011 | Lair:2   | Found a staircase to the Swamp.
 15133 | Lair:1   | Reached XP level 12. HP: 103/103 MP: 10/12
 15148 | Lair:1   | Reached skill level 9 in Fighting
 15376 | Lair:3   | Found a runed translucent gate.
 15488 | Lair:3   | Noticed an eight-headed hydra
 15534 | Lair:3   | Noticed a death yak
 15534 | Lair:3   | Noticed a death yak
 15535 | Lair:3   | Noticed a death yak
 15535 | Lair:3   | Noticed a death yak
 15537 | Lair:3   | Noticed a death yak
 15553 | Lair:2   | Killed a death yak
 15752 | Lair:3   | Found a radiant altar of Vehumet.
 15813 | Lair:3   | Killed a seven-headed hydra
 15903 | Lair:3   | Noticed a four-headed hydra
 15908 | Lair:3   | Noticed tish's ghost (journeyman OpSh)
 15911 | Lair:3   | Noticed a death yak
 15937 | Lair:3   | Found a staircase to the Snake Pit.
 16258 | Lair:3   | Killed a death yak
 16360 | Lair:3   | Found a runed translucent gate.
 16360 | Lair:3   | Found a runed translucent gate.
 16850 | Lair:2   | Killed a death yak
 17154 | Lair:2   | Killed a death yak
 17276 | Lair:3   | Killed a death yak
 17519 | Lair:3   | Reached skill level 10 in Fighting
 17574 | Lair:4   | Found a staircase to the Slime Pits.
 17574 | Lair:4   | Found a viscous altar of Jiyva.
 17798 | Lair:4   | Identified 3 scrolls of acquirement
 17813 | Lair:3   | Acquired a manual of Throwing
 17855 | Lair:4   | Reached skill level 1 in Throwing
 17862 | Lair:4   | Reached XP level 13. HP: 69/113 MP: 9/13
 18324 | Lair:4   | Acquired a manual of Translocations
 18326 | Lair:4   | Acquired a +0 tower shield of protection
 19108 | Lair:5   | Entered Level 5 of the Lair of Beasts
 19916 | Orc:1    | Entered Level 1 of the Orcish Mines
 19916 | Orc:1    | Noticed Erica
 19916 | Orc:1    | Noticed Fannar
 21153 | D:12     | Noticed Urug
 21232 | D:12     | Reached skill level 5 in Throwing
 21435 | D:12     | Reached ****** piety under Wu Jian
 21718 | D:13     | Found a transporter.
 21721 | D:13     | Found a transporter.
 21774 | D:13     | Noticed Josephine
 21821 | D:13     | Found a transporter.
 22004 | D:13     | Found a transporter.
 22136 | D:12     | Killed Urug
 22191 | D:12     | Reached skill level 11 in Fighting
 22191 | D:12     | Reached skill level 15 in Maces & Flails
 22257 | D:12     | Found a runed translucent door.
 22456 | D:12     | Noticed a war gargoyle
 22456 | D:12     | Noticed a fire giant
 22463 | D:12     | Noticed an ettin
 22518 | D:12     | Reached XP level 14. HP: 122/124 MP: 14/14
 22820 | D:13     | Killed Josephine
 23578 | D:13     | Noticed Frances
 23595 | D:13     | Killed Frances
 24568 | D:14     | Noticed a white very ugly thing
 25255 | D:15     | Entered Level 15 of the Dungeon
 25528 | D:14     | Reached skill level 10 in Shields
 25829 | D:15     | Identified the +6 shortbow of the Bashing Ancients {heavy,
                  | rN+}
 26705 | Lair:5   | Learned a level 2 spell: Lesser Beckoning
 26708 | Lair:5   | Learned a level 2 spell: Passwall
 26713 | Lair:5   | Learned a level 4 spell: Passage of Golubria
 26807 | Lair:5   | Reached XP level 15. HP: 123/132 MP: 15/15
 26853 | Lair:5   | Reached skill level 1 in Translocations
 26900 | Lair:5   | Reached skill level 1 in Evocations
 27236 | Lair:5   | Reached skill level 12 in Fighting
 27598 | Lair:5   | Identified the +7 falchion "Muacaw" {pain, rPois Str-3
                  | Int+6 SInv}
 28072 | Lair:2   | Killed tish's ghost
 28196 | Lair:3   | Reached skill level 15 in Armour
 28849 | D:10     | Killed Fannar
 28925 | Orc:1    | Killed Erica
 28995 | Orc:1    | Reached skill level 10 in Throwing
 29479 | Orc:2    | Entered Level 2 of the Orcish Mines
 29802 | Orc:2    | Found a staircase to the Elven Halls.
 29877 | Orc:2    | Reached skill level 5 in Translocations
 29935 | Orc:1    | Found Kuadgha Zanu's Assorted Antiques.
 30021 | Orc:1    | Bought a smoky cyan potion for 18 gold pieces
 31512 | Orc:2    | Found Jynomadd's Antique Weapon Emporium.
 31512 | Orc:2    | Found Nohyhurgh's Assorted Antiques.
 31513 | Orc:2    | Found Ruydgh's Assorted Antiques.
 31513 | Orc:2    | Found Basmuinyra's Jewellery Boutique.
 31563 | Orc:2    | Bought a scroll labelled CURRAGR CUGIFF for 40 gold pieces
 31563 | Orc:2    | Bought a scroll labelled OZYD KIAQE for 40 gold pieces
 31563 | Orc:2    | Bought a scroll labelled PEOHOM FAUNAI for 40 gold pieces
 31573 | Orc:2    | Bought an inky potion for 20 gold pieces
 32050 | D:14     | Found a gate to the Vaults.
 32616 | D:15     | Identified the +7 quarterstaff of Foaliqy {vamp, Fly}
 33412 | D:15     | Found a staircase to the Depths.
 33789 | Snake:1  | Entered Level 1 of the Snake Pit
 33807 | Lair:3   | Reached XP level 16. HP: 124/141 MP: 16/16
 33843 | Snake:1  | Found Quules's Book Boutique.
 33845 | Snake:1  | Found Cathyov's Antique Armour Shop.
 33847 | Snake:1  | Found Kuokoih's Armour Boutique.
 34266 | Snake:1  | Reached skill level 5 in Evocations
 34324 | Snake:1  | Reached skill level 13 in Fighting
 36114 | Snake:2  | You fall into a shaft and drop 1 floor!
 36137 | Snake:4  | Entered Level 4 of the Snake Pit
 38086 | Snake:4  | Found a corrupted altar of Lugonu.
 38086 | Snake:4  | Found a one-way gate to the infinite horrors of the Abyss.
 38339 | Snake:4  | Reached skill level 14 in Fighting
 39646 | Snake:4  | Reached XP level 17. HP: 149/152 MP: 17/17
 39805 | Snake:4  | Reached skill level 10 in Translocations
 40203 | Snake:4  | Identified the +2 war axe "Qaatuif" {heavy, rF+}
 40452 | Snake:4  | Got a serpentine rune of Zot
 41031 | Snake:1  | Learned a level 2 spell: Blink
 41185 | Swamp:1  | Entered Level 1 of the Swamp
 41625 | Swamp:2  | Found a glowing silver altar of Zin.
 42313 | Swamp:2  | Reached skill level 1 in Spellcasting
 42548 | Swamp:1  | Reached skill level 5 in Dodging
 43793 | Swamp:3  | Noticed Jorgrun
 43810 | Swamp:3  | Killed Jorgrun
 44093 | Swamp:4  | Entered Level 4 of the Swamp
 44101 | Swamp:4  | Reached skill level 15 in Fighting
 45481 | Swamp:4  | Reached XP level 18. HP: 120/163 MP: 22/22
 45526 | Swamp:4  | Got a decaying rune of Zot
 45863 | Vaults:1 | Entered Level 1 of the Vaults
 46067 | Vaults:1 | Paralysed by a formless jellyfish for 1 turns
 46383 | Vaults:1 | Identified the +3 cloak "Ruckeijuv" {rF+ Dex+4 Stlth+}
 47362 | Vaults:2 | Found Rocze's Book Boutique.
 48045 | Vaults:1 | Identified the +0 chain mail of Midsummer {rC- rN++ Dex+7}
 48064 | Vaults:1 | Reached skill level 15 in Shields
 48546 | Vaults:1 | Found a huge runed gate.
 48546 | Vaults:1 | Found a huge runed gate.
 48546 | Vaults:1 | Found a huge runed gate.
 48546 | Vaults:1 | Found a huge runed gate.
 48546 | Vaults:1 | Found a huge runed gate.
 48546 | Vaults:1 | Found a huge runed gate.
 48950 | Vaults:1 | Found a huge runed gate.
 48950 | Vaults:1 | Found a huge runed gate.
 48950 | Vaults:1 | Found a huge runed gate.
 48950 | Vaults:1 | Found a huge runed gate.
 48950 | Vaults:1 | Found a huge runed gate.
 48951 | Vaults:1 | Found a huge runed gate.
 48952 | Vaults:1 | Found a huge runed gate.
 48952 | Vaults:1 | Found a huge runed gate.
 48953 | Vaults:1 | Found a huge runed gate.
 48954 | Vaults:1 | Found a huge runed gate.
 48955 | Vaults:1 | Found a huge runed gate.
 48963 | Vaults:1 | Found a huge runed gate.
 48963 | Vaults:1 | Found a huge runed gate.
 48963 | Vaults:1 | Found a huge runed gate.
 48963 | Vaults:1 | Found a huge runed gate.
 48963 | Vaults:1 | Found a huge runed gate.
 48963 | Vaults:1 | Found a huge runed gate.
 48964 | Vaults:1 | Found a huge runed gate.
 48965 | Vaults:1 | Found a huge runed gate.
 48966 | Vaults:1 | Found a huge runed gate.
 48974 | Vaults:1 | Found a huge runed gate.
 48974 | Vaults:1 | Found a huge runed gate.
 48974 | Vaults:1 | Found a huge runed gate.
 48974 | Vaults:1 | Found a huge runed gate.
 48974 | Vaults:1 | Found a huge runed gate.
 48974 | Vaults:1 | Found a huge runed gate.
 48975 | Vaults:1 | Found a huge runed gate.
 48976 | Vaults:1 | Found a huge runed gate.
 48977 | Vaults:1 | Found a huge runed gate.
 48985 | Vaults:1 | Found a huge runed gate.
 49122 | Vaults:1 | Reached skill level 16 in Fighting
 50227 | Vaults:2 | Found a runed translucent door.
 50575 | Vaults:2 | Found a staircase to the Crypt.
 50802 | Vaults:3 | Found a flickering gateway to a bazaar.
 50817 | Bazaar   | Entered a bazaar
 50817 | Bazaar   | Found Zoloamn's Antique Weapon Emporium.
 50828 | Bazaar   | Found Tykk's Magic Scroll Boutique.
 50836 | Bazaar   | Found Pyej's General Store.
 50847 | Bazaar   | Found Cuograg's Jewellery Emporium.
 50863 | Bazaar   | Found Ughum's Antique Armour Shop.
 50871 | Bazaar   | Bought a scorched plate armour for 756 gold pieces
 50871 | Bazaar   | Identified the +0 plate armour of Lebbit {Str+4} (You
                  | bought it in a shop in a bazaar)
 50893 | Bazaar   | Bought 2 scrolls of fear for 112 gold pieces
 50893 | Bazaar   | Bought a scroll of fear for 56 gold pieces
 50893 | Bazaar   | Bought a scroll of silence for 133 gold pieces
 50901 | Bazaar   | Bought a scroll of teleportation for 54 gold pieces
 51264 | Vaults:3 | Paralysed by a formless jellyfish for 1 turns
 51374 | Vaults:2 | Paralysed by a formless jellyfish for 1 turns
 52244 | Vaults:3 | Reached XP level 19. HP: 152/165 MP: 23/23
 53167 | Vaults:4 | Noticed Donald
 53546 | Vaults:4 | Killed Donald
 53767 | Vaults:4 | Paralysed by a formless jellyfish for 1 turns
 55468 | Vaults:4 | Reached skill level 10 in Evocations
 56546 | Lair:1   | Acquired the ring of Ymiurhi {rF- rC+++ rCorr Int-5 Dex+3}
 56551 | Lair:1   | Acquired the amulet "Xuttiz" {RegenMP rElec rPois Regen+}
 56728 | Elf:1    | Entered Level 1 of the Elven Halls
 56800 | Elf:1    | Found a magical portal.
 56807 | WizLab   | Entered The Hall of the Hellbinder
 56846 | WizLab   | Reached skill level 17 in Fighting
 56864 | WizLab   | Noticed a dread lich
 56988 | Elf:1    | Paralysed by an air elemental for 1 turns
 57020 | Elf:1    | Paralysed by an air elemental for 1 turns
 57883 | Elf:1    | Paralysed by an air elemental for 1 turns
 58516 | Elf:2    | Found a runed translucent gate.
 58540 | Elf:2    | Found a runed translucent gate.
 58540 | Elf:2    | Found a runed translucent gate.
 58604 | Elf:2    | Found a radiant altar of Vehumet.
 58624 | Elf:2    | Reached XP level 20. HP: 184/184 MP: 24/24
 59179 | Elf:1    | Got the Discourse on Massed Conflict
 59561 | Elf:3    | Entered Level 3 of the Elven Halls
 59596 | Elf:3    | Paralysed by an air elemental for 1 turns
 61084 | Elf:2    | Reached skill level 18 in Fighting
 61245 | Elf:3    | Noticed Nikola
 61286 | Elf:2    | Paralysed by an air elemental for 1 turns
 61489 | Orc:2    | Upgraded the game from 0.31-a0-1068-g5939ac1fb6 to
                  | 0.31-a0-1072-g202bf7ea07
 61872 | Vaults:2 | Bought a manual of Throwing for 1040 gold pieces
 61877 | Vaults:2 | Learned a level 4 spell: Manifold Assault
 62016 | Depths:1 | Entered Level 1 of the Depths
 62555 | Depths:1 | Noticed Norris
 62600 | D:15     | Killed Norris
 62790 | Depths:1 | Noticed Mara
 62829 | Depths:1 | Noticed grothendieck's illusion
 62902 | Depths:1 | Noticed grothendieck's illusion
 62970 | D:15     | Noticed grothendieck's illusion
 62991 | D:15     | Killed Mara
 66013 | Depths:2 | Reached XP level 21. HP: 165/194 MP: 25/25
 66072 | Depths:2 | Found Tacra's Antique Armour Emporium.
 66076 | Depths:2 | Bought a pair of faintly humming gloves for 389 gold pieces
 66076 | Depths:2 | Identified the +0 pair of gloves of Divine Intervention
                  | {rPois Will++ Dex-5 Stlth+} (You bought it in a shop on
                  | level 2 of the Depths)
 66314 | Depths:1 | Found a gateway to Hell.
 66663 | Depths:2 | Found a stormy altar of Qazlal.
 67366 | Depths:2 | Found an ornate altar of the Wu Jian Council.
 67755 | Depths:2 | Found a corrupted altar of Lugonu.
 67932 | Depths:2 | Reached skill level 19 in Fighting
 68757 | Depths:2 | Found a one-way gate leading to the halls of Pandemonium.
 68789 | Depths:2 | Found a transporter.
 68790 | Depths:2 | Found a transporter.
 70243 | Depths:3 | Noticed a dread lich
 70254 | Depths:3 | Killed a dread lich
 70578 | Depths:3 | You fall into a shaft and drop 1 floor!
 70578 | Depths:4 | Entered Level 4 of the Depths
 72677 | Depths:4 | Found a one-way gateway to a ziggurat.
 73628 | Depths:3 | Reached XP level 22. HP: 191/209 MP: 26/26
 74054 | Depths:4 | Reached skill level 20 in Fighting
 74250 | Depths:4 | Noticed a golden dragon
 74259 | Depths:4 | Killed a golden dragon
 74475 | Depths:4 | Noticed a golden dragon
 74505 | Depths:4 | Killed a golden dragon
 75147 | Depths:4 | Found a gate to the Realm of Zot.
 76349 | Elf:3    | Found Lolaommi's Assorted Antiques.
 76437 | Elf:3    | Killed Nikola
 77148 | Elf:3    | Reached skill level 1 in Earth Magic
 77317 | Elf:3    | Reached skill level 1 in Transmutations
 78362 | Elf:3    | Identified the +2 buckler of Sophism {Harm rF- Str+3
                  | Slay+5}
 78362 | Elf:3    | Identified the ring "Ohukleeng" {rPois rF+ rN+}
 78430 | Elf:3    | Identified the ring "Cunkafag" {Fly rPois Will- Int+6
                  | Slay+4}
 78659 | Elf:3    | Identified the +1 robe of Painted Liberty {rF+}
 78759 | Elf:3    | Identified the +4 great sword "Tem Gea" {flame, rPois Str+3
                  | Dex-3 Stlth+}
 79070 | Elf:3    | Identified the +6 quarterstaff "Lihangaf" {drain, Int+2}
 79073 | Elf:3    | Identified the ring of Cyajyjul {Drain rElec rN++ Dex+6
                  | SInv}
 79117 | Elf:3    | Got the Information on Transformed Lithomancy
 79118 | Elf:3    | Identified the ring "Ujacos" {Fly rF+}
 79120 | Elf:3    | Identified the ring "Urghurha" {rPois Str+3 Int+4 SInv}
 80525 | Vaults:1 | Identified the +11 war axe of Dullness {venom, Int+7}
 81773 | Depths:2 | a frost giant changed into a caustic shrike
 81773 | Depths:2 | Noticed a caustic shrike (glowing shapeshifter)
 81775 | Depths:2 | a caustic shrike changed into an iron dragon
 81868 | Depths:2 | an acid blob changed into a caustic shrike
 81868 | Depths:2 | Noticed a caustic shrike (glowing shapeshifter)
 81869 | Depths:2 | a caustic shrike changed into an iron dragon
 81882 | Depths:2 | an iron dragon changed into a caustic shrike
 81882 | Depths:2 | Noticed a caustic shrike (glowing shapeshifter)
 81887 | Depths:2 | a caustic shrike changed into an acid blob
 82347 | Depths:2 | Identified the ring of Zoem {rElec rCorr Str+3}
 82805 | Crypt:1  | Entered Level 1 of the Crypt
 83437 | Slime:1  | Entered Level 1 of the Pits of Slime
 83475 | Slime:1  | Paralysed by a formless jellyfish for 1 turns
 83745 | Slime:5  | Entered Level 5 of the Pits of Slime
 84046 | Slime:5  | Gained mutation: You are frail. (-10% HP) [a shining eye]
 84295 | Slime:4  | Reached XP level 23. HP: 154/196 MP: 29/29
 84428 | Slime:2  | Gained mutation: You sometimes lose your temper in combat.
                  | [a shining eye]
 84446 | Slime:3  | Lost mutation: You are frail. (-10% HP) [potion of
                  | mutation]
 84446 | Slime:3  | Lost mutation: You sometimes lose your temper in combat.
                  | [potion of mutation]
 84446 | Slime:3  | Gained mutation: Your spells are a little harder to cast,
                  | but a little more powerful. [potion of mutation]
 84446 | Slime:3  | Gained mutation: You have a pair of small horns on your
                  | head. [potion of mutation]
 84446 | Slime:3  | Gained mutation: You are vulnerable to heat. (rF-) [potion
                  | of mutation]
 84446 | Slime:3  | Gained mutation: You have sharp toenails. [potion of
                  | mutation]
 84446 | Slime:3  | Gained mutation: You are somewhat resistant to further
                  | mutation. [potion of mutation]
 84793 | Slime:5  | Gained mutation: You are weak. (Str -2) [a shining eye]
 85048 | Slime:5  | Gained mutation: You occasionally lose the ability to drink
                  | potions when taking damage. [a shining eye]
 85175 | Slime:5  | Noticed the Royal Jelly
 85389 | Slime:5  | Found a viscous altar of Jiyva.
 85406 | Slime:5  | Lost mutation: You have a pair of small horns on your head.
                  | [potion of mutation]
 85406 | Slime:5  | Lost mutation: You are vulnerable to heat. (rF-) [potion of
                  | mutation]
 85406 | Slime:5  | Lost mutation: Your spells are a little harder to cast, but
                  | a little more powerful. [potion of mutation]
 85406 | Slime:5  | Lost mutation: You occasionally lose the ability to drink
                  | potions when taking damage. [potion of mutation]
 85406 | Slime:5  | Lost mutation: You have sharp toenails. [potion of
                  | mutation]
 85406 | Slime:5  | Lost mutation: You are weak. (Str -2) [potion of mutation]
 85406 | Slime:5  | Gained mutation: Your muscles are strong. (Str +4, Int/Dex
                  | -1) [potion of mutation]
 85790 | Slime:5  | Killed the Royal Jelly
 86308 | Slime:5  | Got the Essays on the Cemetery and the Lungs
 86312 | Slime:5  | Got the Papyrus of the Wendigo and the Coward
 86336 | Slime:5  | Got a slimy rune of Zot
 86365 | Slime:5  | Identified the ring of Mirth {rN+ Int+8 Slay+4}
 86394 | Slime:5  | Identified the staff of the Kidney {rN+ Str+2 Dex+4 Necro}
 86992 | Zot:1    | Entered Level 1 of the Realm of Zot
 87107 | Zot:1    | Reached skill level 5 in Transmutations
 87267 | Zot:1    | Reached skill level 21 in Fighting
 87267 | Zot:1    | Reached skill level 5 in Earth Magic
 88421 | Zot:1    | Noticed a curse toe
 88445 | Zot:1    | Killed a curse toe
 88737 | Zot:1    | Found a corrupted altar of Lugonu.
 90200 | Zot:1    | Noticed an orb of fire
 90233 | Zot:1    | Killed an orb of fire
 90840 | Zot:2    | You fall into a shaft and drop 1 floor!
 90866 | Zot:3    | Noticed a curse toe
 91388 | Zot:2    | Found a runed translucent door.
 91390 | Zot:2    | Noticed Leown's ghost (legendary KoDe)
 92552 | Zot:2    | Noticed an orb of fire
 92641 | Zot:2    | Reached skill level 15 in Translocations
 92866 | Zot:3    | Reached XP level 24. HP: 228/228 MP: 29/29
 94172 | Zot:3    | Paralysed by you for 5 turns
 94202 | Zot:3    | Reached skill level 10 in Dodging
 94316 | Zot:3    | Identified the +2 cloak of the Hidden Vale {rN+}
 95196 | Zot:3    | Identified the +8 dagger of Oclenu {flame, Int+2}
 95275 | Zot:4    | Upgraded the game from 0.31-a0-1072-g202bf7ea07 to
                  | 0.31-a0-1082-g7d1fb776a8
 95531 | Zot:4    | Noticed Parghit
 95788 | Zot:4    | Found a runed translucent door.
 95789 | Zot:4    | Noticed Hyollov's ghost (legendary FoHu)
 96053 | Zot:1    | Killed an orb of fire
 97098 | Crypt:1  | Identified the +1 pair of gloves "Xaddaz" {+Blink rC+
                  | Regen+ Dex-2}
 97753 | Zot:5    | Entered Level 5 of the Realm of Zot
 97862 | Zot:4    | Killed Parghit
 99243 | Zot:5    | Noticed an ancient lich
 99296 | Zot:5    | Killed an ancient lich
100165 | Zot:5    | Noticed a Killer Klown
100212 | Zot:5    | Killed a Killer Klown
100255 | Zot:5    | Noticed a dread lich
100302 | Zot:5    | Killed a dread lich
100704 | Zot:5    | Noticed a dread lich
100859 | Zot:5    | Killed a dread lich
101825 | Zot:5    | Noticed an orb of fire
101862 | Zot:5    | Gained mutation: Your body sometimes deteriorates upon
                  | taking damage. [an orb of fire]
101869 | Zot:5    | Killed an orb of fire
101870 | Zot:5    | Reached XP level 25. HP: 184/237 MP: 29/29
102191 | Zot:5    | Noticed a Killer Klown
102226 | Zot:5    | Killed a Killer Klown
102680 | Zot:5    | Lost mutation: Your muscles are strong. (Str +4, Int/Dex
                  | -1) [mutagenic glow]
103078 | Zot:5    | Noticed a Killer Klown
103885 | Zot:5    | Noticed a Killer Klown
103906 | Zot:5    | Killed a Killer Klown
104288 | Zot:5    | Noticed an orb of fire
104317 | Zot:5    | Killed a Killer Klown
105063 | Zot:5    | Killed an orb of fire
105797 | Zot:5    | Noticed a Killer Klown
107115 | Zot:5    | Lost mutation: You are somewhat resistant to further
                  | mutation. [potion of mutation]
107115 | Zot:5    | Lost mutation: Your body sometimes deteriorates upon taking
                  | damage. [potion of mutation]
107115 | Zot:5    | Gained mutation: You possess an exceptional clarity of
                  | mind. [potion of mutation]
107115 | Zot:5    | Gained mutation: Your magical capacity is low. (-10% MP)
                  | [potion of mutation]
107115 | Zot:5    | Gained mutation: You are vulnerable to cold. (rC-) [potion
                  | of mutation]
107115 | Zot:5    | Gained mutation: You are clumsy. (Dex -2) [potion of
                  | mutation]
107115 | Zot:5    | Gained mutation: Your spells are a little harder to cast,
                  | but a little more powerful. [potion of mutation]
107115 | Zot:5    | Gained mutation: You are strong-willed. (Will+) [potion of
                  | mutation]
107144 | Zot:5    | Reached skill level 22 in Fighting
107145 | Zot:5    | Lost mutation: You are vulnerable to cold. (rC-) [potion of
                  | mutation]
107145 | Zot:5    | Lost mutation: You are clumsy. (Dex -2) [potion of
                  | mutation]
107145 | Zot:5    | Lost mutation: You possess an exceptional clarity of mind.
                  | [potion of mutation]
107145 | Zot:5    | Lost mutation: You are strong-willed. (Will+) [potion of
                  | mutation]
107145 | Zot:5    | Lost mutation: Your spells are a little harder to cast, but
                  | a little more powerful. [potion of mutation]
107145 | Zot:5    | Lost mutation: Your magical capacity is low. (-10% MP)
                  | [potion of mutation]
107145 | Zot:5    | Gained mutation: You have a pair of small horns on your
                  | head. [potion of mutation]
107145 | Zot:5    | Gained mutation: Your flesh is heat resistant. (rF+)
                  | [potion of mutation]
107145 | Zot:5    | Gained mutation: Your muscles are strong. (Str +4, Int/Dex
                  | -1) [potion of mutation]
107145 | Zot:5    | Gained mutation: You have sharp toenails. [potion of
                  | mutation]
107145 | Zot:5    | Gained mutation: You are agile. (Dex +4, Str/Int -1)
                  | [potion of mutation]
107145 | Zot:5    | Gained mutation: Your natural rate of healing is unusually
                  | fast. [potion of mutation]
107145 | Zot:5    | Gained mutation: You possess an exceptional clarity of
                  | mind. [potion of mutation]
108174 | Zot:5    | Killed a Killer Klown
108226 | Zot:5    | Noticed an ancient lich
108239 | Zot:5    | Killed an ancient lich
108371 | Zot:5    | Noticed an orb of fire
108373 | Zot:5    | Lost mutation: Your muscles are strong. (Str +4, Int/Dex
                  | -1) [an orb of fire]
108377 | Zot:5    | Gained mutation: You are weak. (Str -2) [an orb of fire]
108403 | Zot:5    | Killed an orb of fire
108443 | Zot:5    | Noticed an ancient lich
108993 | Zot:5    | Killed an ancient lich
109188 | Zot:5    | Got the Orb of Zot
109506 | Depths:4 | Noticed Mebessem the pandemonium lord
109943 | D:$      | Escaped with the Orb!

Illustrated notes

Levels and vault maps discovered:
D:1:      nicolae_arrival_washed_ashore, layout_basic
D:2:      layout_rooms, serial_corexii_hall, corexii_hall_statues_x,
          corexii_hall_statues_l, eino_curves_02, minmay_curled_crystal,
          kennysheep_big_empty_room, uniq_robin
D:3:      layout_basic
D:4:      layout_loops_ring, palyth_temple_overflow_mages,
          grunt_temple_overflow_open
D:5:      layout_loops_cross, minmay_temple_entry_mist, uniq_duvessa
D:6:      layout_loops_ring, billiards_dpeg, uniq_grinder
D:7:      layout_cave_pools, lemuel_crystal_altar, dreamdust_mushroom_princess
D:8:      layout_basic, nicolae_tso_carved_into_rock
D:9:      layout_small_grid, mainiacjoe_overflow_concentric_impassable,
          old_standard_altar, lair_entry_dummy
D:10:     layout_roguey, nicolae_ru_path_of_blood, kennysheep_mini, david_orc_5,
          kennysheep_generic_room_6
D:11:     layout_cave_pools
D:12:     layout_roguey, serial_glass, glass_columns_a, glass_columns_b,
          glass_columns_a, glass_columns_a, glass_columns_a, glass_columns_b,
          glass_columns_b, glass_columns_a, st_stairs_5, minmay_hidden_floor,
          uniq_urug
D:13:     layout_roguey, nicolae_transporter_circle, uniq_frances,
          uniq_josephine
D:14:     layout_irregular_city, david_vaults_5, chequers_serial_rivers_micro_e,
          portal_ice_cave_entry_ugly_swarm
D:15:     grunt_enter_depths_hoard, layout_layer_cave
Temple:   nicolae_temple_great_sept
Lair:1:   layout_roguey, nicolae_volcano_entry_hallway, grunt_megastairs_1
Lair:2:   layout_long_grid, swamp_mist, minivault_23, grunt_megastairs_5,
          infiniplex_staircase_pool
Lair:3:   layout_cave_pods, guppyfry_snake_entry_island, basic_altar,
          gammafunk_ghost_split, eino_small_chamber_without_monster,
          chequers_serial_rivers_small_b
Lair:4:   layout_gridlike, minmay_slime_entry_pillars, st_stairs_12,
          chequers_serial_rivers_marsh, serial_bayou_pond_b,
          chequers_serial_rivers_large_a
Lair:5:   hangedman_lair_tendril_chambers, layout_gridlike, serial_bayou_pond_a,
          lemuel_fruit_tree
Swamp:1:  layout_falls_marsh, evilmike_swamp_ruin_house_5,
          nicolae_swamp_tree_isthmus
Swamp:2:  layout_basic_swamp, evilmike_swamp_ruin_house_3, swamp_pool_3,
          lemuel_altar_in_water, nicolae_swamp_long_stream
Swamp:3:  layout_falls_marsh, hangedman_swamp_diagram, uniq_jorgrun
Swamp:4:  swamp_basic_johnstein, layout_basic_swamp
Snake:1:  layout_chambers, minmay_shop_star, grunt_megastairs_2
Snake:2:  layout_rooms, nicolae_zig_zag_zippers
Snake:3:  layout_honeycomb, nrook_loot_triangle
Snake:4:  grunt_snake_rune_serpentine_throne, layout_layer_cave,
          amcnicky_altar_lugonu_corruption
Slime:1:  cheibrodos_slime_lost_civilization_9, layout_caves
Slime:2:  layout_caves
Slime:3:  layout_caves
Slime:4:  layout_caves
Slime:5:  slime_pit
Orc:1:    layout_caves, serial_shops, shop, uniq_erica, uniq_fannar
Orc:2:    st_orc_elflike, layout_caves
Elf:1:    elf_arrival_001, layout_loops_corners, infiniplex_enter_wizlab_spiral,
          minmay_elf_sorcery
Elf:2:    nicolae_elf_blades_splatter_lattice [nicolae_blade_tridents],
          layout_geoelf_octagon, basic_altar, hangedman_elf_targeted_burst
Elf:3:    minmay_elf_hall_dome, layout_loops_cross, serial_shops,
          nicolae_square_shop, uniq_nikola
Vaults:1: nicolae_vaults_inception_scallops, nicolae_vaults_sesquioval_fish,
          v_alt_pattern_5, v_alt_pattern_2, hangedman_vaults_slice,
          nicolae_vaults_sightless_eye, not_door_vault_due,
          nicolae_vaults_closet_pinwheel_3, vaults_room_door_ring, v_misc_14,
          grunt_vaults_hallway_long, v_alt_pattern_1,
          nicolae_vaults_trapezoid_lopsided_1,
          nicolae_vaults_variable_pillar_hall, layout_vaults_big_cross
Vaults:2: nicolae_vaults_closet_pinwheel_2, vaults_room_pool,
          nicolae_vaults_oozy_zoo, minmay_crypt_entry_simple_plaza,
          ontoclasm_vaults_claustrophobia, nicolae_vaults_swerve,
          nicolae_vaults_ninety_degrees, nicolae_vaults_trapezoid_lopsided_4,
          ontoclasm_vaults_ligature, ontoclasm_vaults_decontamination,
          hangedman_vaults_hat, nicolae_vaults_three_branches,
          nicolae_vaults_little_squares_3, layout_vaults_ring, serial_shops,
          shop_statue
Vaults:3: nicolae_vaults_trapezoid_lopsided_1, nicolae_vaults_display_case,
          nicolae_vaults_closet_pinwheel_2, nicolae_vaults_surprise_closet,
          dpeg_vaults_monster_row, v_alt_pattern_6, nicolae_vaults_asterisk,
          nicolae_vaults_closet_pinwheel_3, vaults_dpeg_cross,
          layout_vaults_omnigrid, serial_shops, freezing_bzr
Vaults:4: nicolae_vaults_double_plus_3, v_misc_23,
          nicolae_vaults_little_squares_6, ontoclasm_vaults_twist,
          nicolae_vaults_network_periphery, hangedman_vaults_maws, v_pattern_2,
          nicolae_vaults_triangles, ontoclasm_vaults_hangar,
          nicolae_vaults_double_plus_1, nicolae_vaults_an_arrangement,
          grunt_vaults_focal, nicolae_vaults_trapezoid_lopsided_3,
          layout_vaults_big_room, uniq_donald
Crypt:1:  layout_rooms, chequers_big_river
Depths:1: layout_gridlike, minmay_stone_trees_medium, serial_aquarium,
          aquarium_bridge_island_small [aquarium_subvault_small_water,
          aquarium_subvault_wall, aquarium_subvault_window,
          aquarium_subvault_wall, aquarium_subvault_bridge],
          aquarium_window_fake, aquarium_window_3, aquarium_window_1,
          aquarium_window_fake, aquarium_view_2b, aquarium_balcony_5b,
          aquarium_pool_double, hell_entry, grunt_ministairs_8,
          serial_sigils_hangedman_gnaw, uniq_mara, uniq_norris
Depths:2: gammafunk_corrupted_shrine, layout_basic, pf_hell_entry_tar_river,
          nicolae_qazlal_general_emergency, serial_shops, shop, pan_entry,
          nzn_wu_jian_contemplation, serial_bayou_shore_a
Depths:3: bobbens_index_wilting_gardens, layout_cave_pools, pan_entry,
          minmay_room_of_horrors, hangedman_geh_valley,
          infiniplex_staircase_zigzag_4
Depths:4: grunt_zot_entry_alcove, layout_basic, enter_ziggurat_d,
          hangedman_coc_ice_floe, grunt_megastairs_3, serial_bayou_shore_b
Zot:1:    grunt_deathspiral_small, layout_cathedral_of_symmetry,
          regret_index_zotdec_abyssal_contain_seething_sorcery,
          grunt_ministairs_8, uniq_josephina
Zot:2:    lemuel_firehouse, layout_concentric_octagons,
          ebering_ghost_inner_flame
Zot:3:    gammafunk_mikee_crab_dinner, layout_basic
Zot:4:    layout_twisted_circle, ebering_ghost_reflecting_pool, uniq_parghit
Zot:5:    layout_concentric_octagons, st_stairs_1

Skill      XL: |  1  2  3  4  5  6  7  8  9 10 11 12 13 14 15 16 17 18 19 20 21 22 23 24 25 |
---------------+----------------------------------------------------------------------------+-----
Maces & Flails | 3 4 5 6 7 9 10 12 13 15 16 17 | 17.2
Armour         | 1 2 3 4 6 7 9 10 12 13 14 15 16 18 19 20 21 | 21.4
Fighting       | 3 4 5 6 7 8 10 11 12 14 15 16 17 18 19 20 21 22 | 22.2
Shields        | 1 2 3 5 6 7 8 10 11 12 14 15 16 17 18 19 20 21 | 21.4
Throwing       | 1 6 9 10 11 12 13 14 | 14.4
Translocations | 6 9 11 12 13 14 15 | 15.2
Evocations     | 4 6 8 9 10 | 10.0
Dodging        | 4 5 6 7 8 9 10 | 10.0
Spellcasting   | 3 4 |  4.0
Earth Magic    | 4 7 9 |  9.7
Transmutations | 4 6 9 |  9.7

Action                     |  1- 3 |  4- 6 |  7- 9 | 10-12 | 13-15 | 16-18 | 19-21 | 22-24 | 25-27 || total
---------------------------+-------+-------+-------+-------+-------+-------+-------+-------+-------++-------
  Melee: Mace              |    97 |    32 |       |       |       |       |       |       |       ||   129
         Tailslap          |    10 |    13 |    61 |   122 |   338 |   401 |   713 |   821 |   125 ||  2604
         Flail             |       |   150 |   383 |    86 |       |       |       |       |       ||   619
         Morningstar       |       |       |       |   583 |  1808 |  2095 |  3067 |  1101 |    22 ||  8676
         Broad axe         |       |       |       |     6 |    12 |    59 |       |       |       ||    77
         Demon whip        |       |       |       |       |       |       |    41 |  2310 |   415 ||  2766
         Kick              |       |       |       |       |       |       |       |    54 |   106 ||   160
         Headbutt          |       |       |       |       |       |       |       |    38 |    70 ||   108
  Throw: Dart              |       |       |       |       |     7 |     2 |     2 |     1 |       ||    12
         Boomerang         |       |       |       |       |       |     3 |    10 |    24 |       ||    37
         Javelin           |       |       |       |       |       |       |       |     2 |       ||     2
         Throwing net      |       |       |       |       |       |       |       |     1 |       ||     1
   Cast: Blink             |       |       |       |       |       |       |    17 |    12 |       ||    29
         Passage of Golubr |       |       |       |       |       |       |    18 |    26 |    10 ||    54
         Manifold Assault  |       |       |       |       |       |       |    31 |   256 |       ||   287
         Lesser Beckoning  |       |       |       |       |       |       |       |     1 |       ||     1
         Passwall          |       |       |       |       |       |       |       |       |     2 ||     2
 Invoke: Serpent's Lash    |       |       |     1 |     3 |     3 |     3 |     7 |     2 |       ||    19
         Heavenly Storm    |       |       |       |       |     1 |       |       |     1 |       ||     2
Ability: Lunge             |       |     7 |    23 |    52 |    89 |    96 |   131 |   138 |    25 ||   561
         Whirlwind         |       |     3 |     3 |    82 |   187 |   201 |   296 |   431 |    32 ||  1235
         Wall Jump         |       |       |     2 |       |     2 |     1 |       |       |       ||     5
  Evoke: Wand              |       |     2 |    22 |     9 |     5 |     5 |    33 |     2 |     1 ||    79
         Phial of floods   |       |       |       |       |       |     1 |     1 |     1 |       ||     3
    Use: Scroll            |       |     5 |     5 |    13 |     9 |    11 |     5 |    24 |     8 ||    80
         Potion            |       |     1 |     2 |     3 |     1 |     2 |     5 |     8 |     3 ||    25
   Stab: Distracted        |       |       |       |       |     2 |       |       |     1 |       ||     3
         Paralysed         |       |       |       |       |       |     2 |       |       |       ||     2
         Held in net/web   |       |       |       |       |       |       |       |     1 |       ||     1
 Armour: Leather armour    |    76 |       |       |       |       |       |       |       |       ||    76
         Robe              |     2 |       |       |       |       |       |       |       |       ||     2
         Plate armour      |       |   257 |   381 |   264 |    33 |   868 |       |       |       ||  1803
         Chain mail        |       |       |       |   208 |  1084 |   364 |  1425 |    60 |       ||  3141
         Gold dragon scale |       |       |       |       |       |       |       |  1652 |   187 ||  1839
  Dodge: Dodged            |    59 |    42 |    44 |   193 |   507 |   525 |   652 |   533 |    35 ||  2590
  Block: Buckler           |     2 |    23 |    95 |   147 |     9 |       |       |       |       ||   276
         Tower shield      |       |       |       |       |  1318 |  1715 |  2225 |  1825 |   194 ||  7277

Table legend: (Time is in decaauts)
 A = Elapsed time spent in this place.
 B = Non-inter-level travel time spent in this place.
 C = Inter-level travel time spent in this place.
 D = Time resting spent in this place.
 E = Time spent auto-exploring this place.
 F = Levels seen in this place.
 G = Mean time per level.
                   A        B        C        D        E       F      G
               +--------+--------+--------+--------+--------+-----+--------+
         Total | 108821 |  94593 |  14228 |  15811 |  17003 |  56 | 1943.2 |
       Dungeon |  26699 |  20439 |   6260 |   4095 |   4356 |  15 | 1779.9 |
        Temple |      1 |      1 |      0 |      0 |      0 |   1 |    1.0 |
          Lair |   9915 |   8347 |   1568 |   1577 |   1244 |   5 | 1983.0 |
         Swamp |   4420 |   4196 |    224 |    668 |    675 |   4 | 1105.0 |
     Snake Pit |   7060 |   6642 |    418 |   1091 |    811 |   4 | 1765.0 |
    Slime Pits |   2975 |   2790 |    185 |    526 |    249 |   5 |  595.0 |
  Orcish Mines |   2847 |   2339 |    508 |    176 |    478 |   2 | 1423.5 |
   Elven Halls |   7865 |   7138 |    727 |   1238 |    716 |   3 | 2621.7 |
        Vaults |  12404 |  11075 |   1329 |   1972 |    988 |   4 | 3101.0 |
         Crypt |    226 |    219 |      7 |     24 |      0 |   1 |  226.0 |
        Depths |  13523 |  11616 |   1907 |   2395 |    900 |   4 | 3380.8 |
           Zot |  20002 |  18911 |   1091 |   1808 |   6540 |   5 | 4000.4 |
        Bazaar |     90 |     90 |      0 |      0 |     46 |   1 |   90.0 |
       Volcano |    734 |    734 |      0 |    232 |      0 |   1 |  734.0 |
        Wizlab |     55 |     55 |      0 |      6 |      0 |   1 |   55.0 |
               +--------+--------+--------+--------+--------+-----+--------+

Top non-repeatable levels by time:
   Zot:5: 9446 daAuts
   Zot:1: 4288 daAuts
Vaults:1: 4271 daAuts
Depths:2: 4038 daAuts
Depths:1: 3469 daAuts
Depths:3: 3274 daAuts
Vaults:2: 3177 daAuts
    D:15: 3158 daAuts
     D:9: 3154 daAuts
    D:14: 2906 daAuts
   Elf:2: 2893 daAuts
   Elf:3: 2791 daAuts
Depths:4: 2740 daAuts
 Snake:4: 2717 daAuts
    D:10: 2588 daAuts
